 Dungeon Sprint DCSS version 0.24-a0-618-ge4662a2d14 (webtiles) character file.

Game seed: 17000920524610574969, levelgen mode: deterministic

31069 MordorOrchid the Thaumaturge (level 13, -19/76 HPs)
             Began as a Vine Stalker Transmuter on Sept 15, 2019.
             Was the Champion of Sif Muna.
             Killed from afar by a thorn hunter (35 damage)
             ... with a volley of thorns
             ... in the Dungeon (Sprint IX: "|||||||||||||||||||||||||||||").
             The game lasted 00:46:46 (2125 turns).

MordorOrchid the Thaumaturge (VSTm)                 Turns: 2125, Time: 00:46:47

Health: -19/76     AC: 12    Str: 13    XL:     13   Next: 55%
Magic:  0/40       EV: 14    Int: 20    God:    Sif Muna [******]
Gold:   44         SH:  0    Dex: 16    Spells: 1/38 levels left

rFire    . . .     SeeInvis .     - Unarmed
rCold    . . .     Gourm    .   (no shield)
rNeg     . . .     Faith    .   I - +3 leather armour {rPois}
rPois    +         Spirit   +   i - +1 helmet
rElec    .         Reflect  .   (no cloak)
rCorr    .         Harm     .   p - +0 pair of gloves
MR       +....     NoTele   +   q - +0 pair of boots
Stlth    ++........             L - amulet of regeneration
HPRegen  1.42/turn              N - ring of magical power
MPRegen  0.27/turn              D - +3 ring of intelligence

@: no status effects
A: fangs 3, regeneration 2, magic shield, antimagic bite, no potion heal 3, rot
immunity
a: Channel Magic, Forget Spell, Divine Exegesis, Renounce Religion


You were in the Dungeon.
You worshipped Sif Muna.
Sif Muna was exalted by your worship.
You were not hungry.

You visited 1 branch You collected 1946 gold pieces.
You spent 1902 gold pieces at shops.

Inventory:

Hand Weapons
 o - a +6 scimitar of flaming
 A - a +3 long sword of holy wrath
 G - the cursed +0 mace of Hoidaaso {flame, Int+7 Dex+4}
   (You found it in the Dungeon)

   It has been specially enchanted to burn those struck by it, causing extra
   injury to most foes and up to half again as much damage against particularly
   susceptible opponents.
   It affects your intelligence (+7).
   It affects your dexterity (+4).
   It has a curse placed upon it.
 H - a +2 shortbow of velocity
Missiles
 a - 26 arrows
 k - 7 javelins
 n - 7 boomerangs (quivered)
 y - 3 throwing nets
 z - 36 bolts
 B - 4 silver boomerangs
 C - 22 sling bullets
Armour
 i - a +1 helmet (worn)
 p - a +0 pair of gloves (worn)
 q - a +0 pair of boots (worn)
 r - a +5 ring mail
 I - a +3 leather armour of poison resistance (worn)
Magical Staves
 x - an uncursed staff of energy
Jewellery
 c - an uncursed ring of protection from fire
 t - a +3 ring of intelligence
 D - a +3 ring of intelligence (right hand)
 E - an uncursed ring of protection from fire
 F - an uncursed ring of ice
 L - an amulet of regeneration (around neck)
 N - a ring of magical power (left hand)
Wands
 O - a wand of polymorph (19)
Scrolls
 j - 3 scrolls of blinking
 l - 3 scrolls of remove curse
 v - 2 scrolls of identify
 w - a scroll of enchant armour
 M - a scroll of fog
Potions
 e - 7 potions of curing
 f - 7 potions of heal wounds
 g - 2 potions of agility
 h - 4 potions of magic
 u - 2 potions of might
 J - a potion of haste
 K - a potion of brilliance
Miscellaneous
 m - a box of beasts
 s - 2 phantom mirrors
Comestibles
 b - 14 chunks of flesh
 d - 10 rations


   Skills:
 + Level 12.5 Fighting
 - Level 8.2 Armour
 - Level 4.3 Dodging
 - Level 3.2 Stealth
 - Level 13.0 Unarmed Combat
 - Level 13.4 Spellcasting
 - Level 9.1 Conjurations
 - Level 2.2 Charms
 - Level 5.8 Summonings
 - Level 9.0 Necromancy
 - Level 8.0 Transmutations
 - Level 7.1 Ice Magic
 - Level 5.7 Air Magic
 - Level 9.4 Earth Magic
   Level 3.3 Poison Magic
 - Level 8.5 Invocations
 - Level 11.9 Evocations


You had one spell level left.
You knew the following spells:

 Your Spells              Type           Power        Failure   Level  Hunger
a - Beastly Appendage     Tmut           #####.       1%          1    None
b - Sticks to Snakes      Tmut           #####...     1%          2    None
d - Ice Form              Ice/Tmut       #####...     2%          4    None
e - Corpse Rot            Necr           N/A          1%          2    None
f - Bolt of Draining      Conj/Necr      #####.....   4%          5    ####...
g - Freeze                Ice            ####         1%          1    None
i - Throw Icicle          Conj/Ice       #####...     1%          4    None
j - Summon Lightning Spi  Summ/Air       #####...     5%          4    None
k - Regeneration          Chrm/Necr      #####.....   1%          3    None
r - Irradiate             Conj/Tmut      #####.....   4%          5    ####...
y - Statue Form           Tmut/Erth      #####....    26%         6    #####..

Your spell library contained the following spells:

 Spells                   Type           Power        Failure   Level  Hunger
 Animate Skeleton         Necr           N/A          1%          1    None
 Flame Tongue             Conj/Fire      ####.        1%          1    None
 Magic Dart               Conj           ####         1%          1    None
 Sandblast                Erth           ######       1%          1    None
 Infusion                 Chrm           ###.         2%          1    None
 Apportation              Tloc           ##....       6%          1    None
 Call Imp                 Summ           #####...     1%          2    None
 Poisonous Vapours        Pois/Air       ####..       1%          2    None
 Searing Ray              Conj           #####.       1%          2    None
 Sublimation of Blood     Necr           #####.....   1%          2    None
 Throw Flame              Conj/Fire      ####..       1%          2    None
 Throw Frost              Conj/Ice       #####.       1%          2    None
 Call Canine Familiar     Summ           #####...     1%          3    None
 Mephitic Cloud           Conj/Pois/Air  #####...     1%          3    None
 Spider Form              Tmut/Pois      #####.....   1%          3    None
 Stone Arrow              Conj/Erth      ######       1%          3    None
 Vampiric Draining        Necr           #####.....   1%          3    None
 Petrify                  Tmut/Erth      #####...     1%          4    None
 Conjure Flame            Conj/Fire      ####....     2%          3    None
 Ozocubu's Armour         Chrm/Ice       ####....     2%          3    None
 Song of Slaying          Chrm           ###.....     3%          2    None
 Borgnjor's Vile Clutch   Necr/Erth      ######....   3%          5    ####...
 Summon Ice Beast         Ice/Summ       #####...     4%          4    None
 Agony                    Necr           #####...     4%          5    ####...
 Dispel Undead            Necr           #####...     4%          5    ####...
 Shroud of Golubria       Chrm/Tloc      ###...       5%          2    None
 Blade Hands              Tmut           #####.....   6%          5    ####...
 Lightning Bolt           Conj/Air       #####.....   8%          5    ####...
 Blink                    Tloc           N/A          9%          2    None
 Slow                     Hex            ##......     9%          2    None
 Sticky Flame             Conj/Fire      ####....     9%          4    None
 Spectral Weapon          Hex/Chrm       ###.....     11%         3    None
 Excruciating Wounds      Chrm/Necr      #####.....   16%         5    ####...
 Inner Flame              Hex/Fire       ##......     19%         3    None
 Iron Shot                Conj/Erth      ######....   21%         6    #####..
 Death Channel            Necr           #####.....   22%         6    #####..
 Fireball                 Conj/Fire      ####......   26%         5    ####...
 Yara's Violent Unravell  Hex/Tmut       ####......   32%         5    ####...
 Bolt of Cold             Conj/Ice       #####.....   32%         6    #####..
 Summon Mana Viper        Hex/Summ       ####....     45%         5    ####...
 Cause Fear               Hex            ##........   52%         4    None
 Orb of Destruction       Conj           #####.....   77%         7    #######
 Bolt of Fire             Conj/Fire      ####......   80%         6    #####..
 Deflect Missiles         Chrm/Air       ####......   87%         6    #####..
 Dragon Form              Tmut           #####.....   88%         7    #######
 Haunt                    Necr/Summ      #####.....   93%         7    #######
 Spellforged Servitor     Conj/Summ      #####.....   93%         7    #######
 Monstrous Menagerie      Summ           #####.....   99%         7    #######
 Summon Hydra             Summ           #####.....   99%         7    #######
 Malign Gateway           Summ/Tloc      ####......   100%        7    #######
 Borgnjor's Revivificati  Necr           #####.....   100%        8    #######
 Chain Lightning          Conj/Air       #####.....   100%        8    #######
 Summon Horrible Things   Summ           #####.....   100%        8    #######
 Dragon's Call            Summ           #####.....   100%        9    #######
 Glaciate                 Conj/Ice       #####.....   100%        9    #######
 Tornado                  Air            #####.....   100%        9    #######


Dungeon Overview and Level Annotations

Branches:
Dungeon (1/1)

Altars:
Cheibriados
Dithmenos
Elyvilon
Fedhas
Gozag
Hepliaklqana
Kikubaaqudgha
Makhleb
Nemelex Xobeh
Okawaru
Qazlal
Ru
Sif Muna
Trog
Uskayaw
Vehumet
Wu Jian
Xom
Yredelemnul
Zin
The Shining One
Beogh
Jiyva
Lugonu

Shops:
D *(}=


Innate Abilities, Weirdness & Mutations

You have razor-sharp teeth.
You heal very quickly.
When hurt, damage is shared between your health and your magic reserves.
Your bite disrupts and absorbs the magic of your enemies.
Potions cannot restore your health.
You are immune to rotting.


Message History

The shard of ice hits the spiny frog!!
You kill the spiny frog!
Sif Muna accepts your kill.
The thorn hunter gestures.
Thorny briars emerge from the ground!
Casting: Throw Icicle (safe; 1% risk of failure)
Confirm with . or Enter, or press ? or * to list all spells.
You don't have enough magic to cast that spell.
You punch the thorn hunter! You bite the thorn hunter.
The thorn hunter's magic leaks into the air.
You drain its magic.
You feel invigorated.
The thorn hunter is severely damaged.
The thorn hunter fires a volley of thorns at you.
The volley of thorns hits you!
* * * LOW HITPOINT WARNING * * *
Okay, then.
You feel somewhat more hungry.
The thorn hunter fires a volley of thorns at you.
The volley of thorns hits you!!!
You die...

_▓.▓.▓.▓)▓.▓[▓.▓)▓
_▓.▓÷▓.▓'▓.▓.▓.▓)▓
_▓.▓†▓.▓)▓.▓[▓.▓P▓
_▓.▓.▓.▓)▓.▓[▓.▓P▓
_▓.▓.▓.▓.▓)▓[▓.▓)▓
_▓.▓÷▓.▓.▓.▓[▓.▓.▓
_▓.▓÷▓.▓.▓.▓.▓.▓.▓
_▓.▓.▓.▓.▓.▓.▓.▓.▓
_▓.▓.▓.▓.▓.▓.▓.▓@▓
_▓.▓.▓.▓.▓.▓.▓.♣f♣
_▓.▓†▓.▓.▓.▓.▓.♣†♣
_▓.▓.▓.▓.▓.▓.▓.♣.♣
_▓.▓.▓.▓.▓.▓.▓.♣.♣
_▓.▓÷▓.▓.▓.▓.▓.♣.♣
_▓.▓÷▓.▓)▓.▓.▓.♣†♣
'▓.▓'▓.▓)▓.▓)▓.♣.♣
.▓.▓.▓.▓)▓.▓'▓.♣


You could see a thorn hunter.

Vanquished Creatures
  A frost giant (D)
  An ettin (D)
  Josephine (D)
  2 ogre magi (D)
  A hydra (D)
  An alligator snapping turtle (D)
  An alligator (D)
  9 two-headed ogres (D)
  A tengu warrior (D)
  A shock serpent (D)
  A harpy (D)
  A lindwurm (D)
  A deep elf mage (D)
  5 orc knights (D)
  8 elephants (D)
  Joseph (D)
  A guardian serpent (D)
  6 black mambas (D)
  5 spiny frogs (D)
  A komodo dragon (shapeshifter) (D)
  A yaktaur (D)
  A tengu conjurer (D)
  4 merfolk (D)
  A wind drake (D)
  A slime creature (D)
  2 trolls (D)
  2 blink frogs (D)
  A snapping turtle (D)
  A hippogriff (D)
  4 wraiths (D)
  A redback (shapeshifter) (D)
  2 yaks (D)
  A basilisk (D)
  A water moccasin (D)
  A porcupine (D)
  An ice beast (D)
  9 orc warriors (D)
  A phantom (D)
  6 ogres (D)
  2 crocodiles (D)
  2 centaurs (D)
  A big kobold (D)
  3 bullfrogs (D)
  A wight (D)
  2 crimson imps (D)
  A hound (D)
  4 orc priests (D)
  6 orc wizards (D)
  4 orcs (D)
  A bat (D)
  A goblin (D)
  A hobgoblin (D)
  2 quokkas (D)
  A ball python (D)
  A rat (D)
123 creatures vanquished.

Vanquished Creatures (collateral kills)
  A hydra (D)
  A naga warrior (D)
  An ogre mage (D)
  Urug (D)
  A salamander (D)
  A merfolk siren (D)
  A spiny frog (D)
  A bog body (D)
  A wraith (D)
  A swamp drake (D)
  An ogre (shapeshifter) (D)
11 creatures vanquished.

Grand Total: 134 creatures vanquished

Notes
Turn   | Place    | Note
-------+----------+-------------------------------------------
     0 | D        | MordorOrchid the Vine Stalker Transmuter began the quest
                  | for the Orb.
     0 | D        | Reached XP level 1. HP: 9/9 MP: 4/4
     8 | D        | Reached skill level 1 in Fighting
    22 | D        | Noticed a phantom
    22 | D        | Noticed a crimson imp
    22 | D        | Noticed a centaur
    27 | D        | Reached XP level 2. HP: 11/15 MP: 4/6
    41 | D        | Killed a phantom
    41 | D        | Reached skill level 5 in Unarmed Combat
    41 | D        | Reached XP level 3. HP: 15/20 MP: 7/9
    41 | D        | Gained mutation: Your natural rate of healing is unusually
                  | fast. [Vine Stalker growth]
    41 | D        | Reached XP level 4. HP: 18/24 MP: 7/10
    43 | D        | Reached XP level 5. HP: 22/28 MP: 10/12
    45 | D        | Killed a centaur
    54 | D        | Found a roughly hewn altar of Beogh.
    54 | D        | Found a snail-covered altar of Cheibriados.
    54 | D        | Found a shadowy altar of Dithmenos.
    54 | D        | Found a white marble altar of Elyvilon.
    54 | D        | Found a blossoming altar of Fedhas.
    54 | D        | Found an opulent altar of Gozag.
    55 | D        | Found a hazy altar of Hepliaklqana.
    56 | D        | Found a viscous altar of Jiyva.
    57 | D        | Found an ancient bone altar of Kikubaaqudgha.
    58 | D        | Found a corrupted altar of Lugonu.
    59 | D        | Found a burning altar of Makhleb.
    60 | D        | Found a sparkling altar of Nemelex Xobeh.
    61 | D        | Found an iron altar of Okawaru.
    62 | D        | Found a stormy altar of Qazlal.
    63 | D        | Found a sacrificial altar of Ru.
    64 | D        | Found a shimmering blue altar of Sif Muna.
    65 | D        | Found a bloodstained altar of Trog.
    66 | D        | Found a hide-covered altar of Uskayaw.
    67 | D        | Found a radiant altar of Vehumet.
    68 | D        | Found an ornate altar of the Wu Jian Council.
    69 | D        | Found a shimmering altar of Xom.
    70 | D        | Found a basalt altar of Yredelemnul.
    71 | D        | Found a glowing silver altar of Zin.
    72 | D        | Became a worshipper of Sif Muna the Loreminder
    73 | D        | Found a glowing golden altar of the Shining One.
   121 | D        | Learned a level 2 spell: Sticks to Snakes
   125 | D        | Learned a level 3 spell: Spider Form
   130 | D        | Learned a level 4 spell: Ice Form
   138 | D        | Noticed a two-headed ogre
   138 | D        | Noticed a big kobold
   153 | D        | Killed a two-headed ogre
   153 | D        | Reached XP level 6. HP: 16/33 MP: 6/15
   153 | D        | Reached XP level 7. HP: 18/37 MP: 6/16
   157 | D        | Reached * piety under Sif Muna
   157 | D        | Gained mutation: You have razor-sharp teeth. [Vine Stalker
                  | growth]
   157 | D        | Reached XP level 8. HP: 23/42 MP: 10/17
   181 | D        | Reached ** piety under Sif Muna
   209 | D        | Noticed a two-headed ogre
   209 | D        | Noticed a troll
   209 | D        | Noticed a two-headed ogre
   209 | D        | Noticed a tengu warrior
   214 | D        | Reached skill level 5 in Spellcasting
   223 | D        | Killed a two-headed ogre
   223 | D        | Reached skill level 5 in Transmutations
   223 | D        | Reached XP level 9. HP: 12/45 MP: 5/18
   224 | D        | Killed a troll
   227 | D        | Killed a two-headed ogre
   227 | D        | Reached *** piety under Sif Muna
   231 | D        | Killed a tengu warrior
   231 | D        | Reached skill level 5 in Armour
   361 | D        | Learned a level 2 spell: Corpse Rot
   367 | D        | Learned a level 5 spell: Bolt of Draining
   368 | D        | Noticed a spiny frog
   368 | D        | Noticed a spiny frog
   369 | D        | Noticed a black mamba
   373 | D        | Killed a spiny frog
   373 | D        | Reached skill level 1 in Conjurations
   373 | D        | Reached skill level 1 in Necromancy
   373 | D        | Reached XP level 10. HP: 49/49 MP: 19/21
   379 | D        | Noticed a spiny frog
   383 | D        | Killed a spiny frog
   383 | D        | Reached **** piety under Sif Muna
   466 | D        | Reached ***** piety under Sif Muna
   470 | D        | Killed a black mamba
   470 | D        | Received a gift from Sif Muna
   478 | D        | Killed a spiny frog
   478 | D        | Reached skill level 5 in Conjurations
   478 | D        | Reached skill level 5 in Necromancy
   512 | D        | Learned a level 1 spell: Freeze
   516 | D        | Learned a level 3 spell: Ozocubu's Armour
   537 | D        | Noticed a seven-headed hydra
   537 | D        | Noticed a lindwurm
   545 | D        | Killed a seven-headed hydra
   545 | D        | Reached skill level 1 in Charms
   548 | D        | Killed a lindwurm
   564 | D        | Received a gift from Sif Muna
   564 | D        | Reached XP level 11. HP: 34/54 MP: 7/22
   580 | D        | Reached skill level 5 in Fighting
   601 | D        | Reached skill level 5 in Ice Magic
   625 | D        | Identified Sif Muna's Grimoire of the Compass and Calling
                  | (Sif Muna gifted it to you in the Dungeon)
   625 | D        | Received a gift from Sif Muna
   678 | D        | Learned a level 4 spell: Throw Icicle
   691 | D        | Noticed Urug
   700 | D        | Killed Urug
   780 | D        | Learned a level 2 spell: Song of Slaying
   802 | D        | Identified Sif Muna's Grimoire of Enthralling Attacks (Sif
                  | Muna gifted it to you in the Dungeon)
   802 | D        | Received a gift from Sif Muna
   884 | D        | Noticed an orc knight
   884 | D        | Noticed an orc knight
   884 | D        | Noticed an orc knight
   890 | D        | Noticed an orc knight
   892 | D        | Killed an orc knight
   896 | D        | Killed an orc knight
   896 | D        | Identified Ohuim's Grimoire of Harmful Air (Sif Muna gifted
                  | it to you in the Dungeon)
   896 | D        | Received a gift from Sif Muna
   903 | D        | Noticed an orc knight
   904 | D        | Killed an orc knight
   904 | D        | Reached skill level 10 in Spellcasting
   920 | D        | Killed an orc knight
   933 | D        | Killed an orc knight
  1011 | D        | Gained mutation: You heal very quickly. [Vine Stalker
                  | growth]
  1011 | D        | Reached XP level 12. HP: 60/60 MP: 12/27
  1035 | D        | Learned a level 3 spell: Regeneration
  1040 | D        | Learned a level 4 spell: Summon Lightning Spire
  1071 | D        | Found Tyepnam's General Store.
  1071 | D        | Noticed an ogre mage
  1071 | D        | Noticed an ogre mage
  1071 | D        | Noticed a two-headed ogre
  1073 | D        | Identified Sif Muna's Catalogue of Earthen Creation (Sif
                  | Muna gifted it to you in the Dungeon)
  1073 | D        | Received a gift from Sif Muna
  1074 | D        | Killed an ogre mage
  1074 | D        | Reached skill level 1 in Summonings
  1074 | D        | Reached skill level 1 in Air Magic
  1074 | D        | Reached skill level 5 in Invocations
  1078 | D        | Killed an ogre mage
  1078 | D        | Killed a two-headed ogre
  1083 | D        | Noticed a two-headed ogre
  1090 | D        | Killed a two-headed ogre
  1091 | D        | Found Polah's Antique Weapon Shoppe.
  1123 | D        | Found Ehated's Gadget Emporium.
  1127 | D        | Noticed a two-headed ogre
  1128 | D        | Noticed a two-headed ogre
  1129 | D        | Found Maingogu's Jewellery Shoppe.
  1132 | D        | Killed a two-headed ogre
  1134 | D        | Killed a two-headed ogre
  1134 | D        | Identified Cistren's Incunabulum of the Evil Rocks (Sif
                  | Muna gifted it to you in the Dungeon)
  1134 | D        | Received a gift from Sif Muna
  1146 | D        | Noticed a two-headed ogre
  1146 | D        | Noticed a two-headed ogre
  1152 | D        | Killed a two-headed ogre
  1153 | D        | Killed a two-headed ogre
  1153 | D        | Reached skill level 5 in Summonings
  1153 | D        | Reached skill level 5 in Air Magic
  1275 | D        | Noticed Josephine
  1300 | D        | Killed Josephine
  1309 | D        | Received a gift from Sif Muna
  1332 | D        | Noticed Joseph
  1342 | D        | Killed Joseph
  1389 | D        | Got the cursed +0 mace of Hoidaaso {flame, Int+7 Dex+4}
  1556 | D        | Bought an uncursed amulet of regeneration for 390 gold
                  | pieces
  1557 | D        | Bought an uncursed ring of magical power for 260 gold
                  | pieces
  1568 | D        | Learned a level 6 spell: Statue Form
  1570 | D        | Bought a box of beasts for 220 gold pieces
  1574 | D        | Bought a ration for 70 gold pieces
  1578 | D        | Bought a phantom mirror for 330 gold pieces
  1578 | D        | Bought a phantom mirror for 330 gold pieces
  1578 | D        | Bought a wand of polymorph (10) for 132 gold pieces
  1578 | D        | Bought a wand of polymorph (9) for 121 gold pieces
  1582 | D        | Bought a scroll of amnesia for 49 gold pieces
  1719 | D        | Reached skill level 1 in Earth Magic
  1728 | D        | Identified Sif Muna's Grimoire of Moulding and Creation
                  | (Sif Muna gifted it to you in the Dungeon)
  1728 | D        | Received a gift from Sif Muna
  1728 | D        | Noticed an ettin
  1761 | D        | Learned a level 5 spell: Irradiate
  1768 | D        | Reached skill level 5 in Earth Magic
  1770 | D        | Killed an ettin
  1787 | D        | Noticed an ogre mage
  1788 | D        | Noticed a frost giant
  1796 | D        | Killed an ogre mage
  1796 | D        | Reached XP level 13. HP: 57/63 MP: 12/31
  1797 | D        | Killed a frost giant
  1809 | D        | Identified Sif Muna's Incunabulum of Weightlessness (Sif
                  | Muna gifted it to you in the Dungeon)
  1809 | D        | Received a gift from Sif Muna
  1969 | D        | Reached ****** piety under Sif Muna
  1984 | D        | Identified Sif Muna's Almanac of Battle Magic (Sif Muna
                  | gifted it to you in the Dungeon)
  1984 | D        | Received a gift from Sif Muna
  2030 | D        | Reached skill level 10 in Fighting
  2040 | D        | Received a gift from Sif Muna
  2103 | D        | Noticed a thorn hunter
  2113 | D        | Identified Nopic's Papyrus of Feathers and Dark Rituals
                  | (Sif Muna gifted it to you in the Dungeon)
  2113 | D        | Received a gift from Sif Muna
  2125 | D        | Killed from afar by a thorn hunter

Levels and vault maps discovered:
D:        linesprint [early_d, line_temple, items_1, d_10, items_2, lair_1,
          lair_end, items_3, orc_1, orc_end, items_4, d_15, swamp_1, shoals_1,
          snake_1, spider_1, d_20, vaults_1, items_5, swamp_end, shoals_end,
          snake_end, spider_end, vaults_end, d_27, items_6, zot_1, zot_end,
          crypt_end, forest_end, elf_end, slime_end, tomb_end, abyss_end,
          pan_hell_end]

Skill      XL: |  1  2  3  4  5  6  7  8  9 10 11 12 13 |
---------------+----------------------------------------+-----
Fighting       | 1 3 4 5 12 | 12.5
Dodging        | 2 3 4 |  4.3
Unarmed Combat | 5 6 7 9 12 13 | 13.0
Stealth        | 3 |  3.2
Spellcasting   | 3 4 5 7 10 13 | 13.4
Transmutations | 3 4 5 6 7 8 |  8.0
Evocations     | 11 | 11.9
Armour         | 2 5 6 8 |  8.2
Ice Magic      | 3 4 6 7 |  7.1
Poison Magic   | 3 |  3.3
Conjurations   | 1 6 9 |  9.1
Necromancy     | 1 5 9 |  9.0
Invocations    | 2 4 8 |  8.5
Charms         | 2 |  2.2
Summonings     | 5 |  5.8
Air Magic      | 5 |  5.7
Earth Magic    | 7 9 |  9.4

Action                   |  1- 3 |  4- 6 |  7- 9 | 10-12 | 13-15 || total
-------------------------+-------+-------+-------+-------+-------++-------
Melee: Unarmed           |    23 |    17 |    39 |   104 |    12 ||   195
       Headbutt          |     1 |     2 |     7 |    22 |       ||    32
       Bite              |     1 |     5 |    12 |    31 |     3 ||    52
       Punch             |       |     1 |     2 |     6 |     1 ||    10
Throw: Boomerang         |       |       |       |     2 |       ||     2
       Javelin           |       |       |       |     1 |       ||     1
 Cast: Beastly Appendage |     2 |     1 |     3 |    14 |       ||    20
       Bolt of Draining  |       |       |       |    79 |    29 ||   108
       Freeze            |       |       |       |     3 |       ||     3
       Ice Form          |       |       |       |     1 |       ||     1
       Throw Icicle      |       |       |       |    17 |    10 ||    27
       Song of Slaying   |       |       |       |     2 |       ||     2
       Dragon's Call     |       |       |       |     1 |       ||     1
       Regeneration      |       |       |       |     5 |     3 ||     8
       Summon Lightning  |       |       |       |     2 |     4 ||     6
       Corpse Rot        |       |       |       |       |     1 ||     1
Invok: Channel Magic     |       |       |       |    17 |     7 ||    24
       Divine Exegesis   |       |       |       |     1 |       ||     1
 Abil: End Transformatio |       |       |       |     1 |       ||     1
Evoke: Wand              |       |       |     7 |     3 |       ||    10
       Staff of energy   |       |       |       |    32 |    26 ||    58
  Use: Potion            |     1 |     1 |     1 |     1 |       ||     4
       Scroll            |       |       |     3 |     8 |       ||    11
 Stab: Invisible         |       |     1 |     5 |       |       ||     6
       Distracted        |       |       |     1 |       |       ||     1
  Eat: Chunk             |       |       |       |    21 |     8 ||    29
       Ration            |       |       |       |     2 |       ||     2
Armor: Robe              |     5 |       |       |       |       ||     5
       Ring mail         |       |     1 |     6 |    46 |     8 ||    61
       Leather armour    |       |       |       |       |     4 ||     4
Dodge: Dodged            |     8 |     9 |    22 |    72 |    13 ||   124

Table legend:
 A = Non-vault XP
 B = Vault XP
 C = Vault XP percentage of total XP
 D = Non-vault monster count
 E = Vault monster count
 F = Vault count percentage of total count
                 A         B        C        D         E       F
            +---------+---------+-------+---------+---------+-------
      Total |       0 |   44385 | 100.0 |       0 |     134 | 100.0
            +---------+---------+-------+---------+---------+-------
          D |       0 |   44385 | 100.0 |       0 |     134 | 100.0
            +---------+---------+-------+---------+---------+-------
